 Dungeon Crawl Stone Soup version 0.29-a0-416-g83a48905f1 (webtiles) character file.

Game seed: 14850249117201495675

65 Hubjo the Firebug (level 3, -1/21 HPs)
             Began as a Deep Elf Fire Elementalist on May 16, 2022.
             Was an Initiate of Ru.
             Slain by a gnoll
             ... wielding a +0 halberd
              (10 damage)
             ... on level 2 of the Dungeon.
             The game lasted 00:02:28 (2040 turns).

Hubjo the Firebug (Deep Elf Fire Elementalist)      Turns: 2040, Time: 00:02:29

Health: -1/21      AC:  3    Str:  5    XL:     3   Next: 92%
Magic:  10/10      EV: 12    Int: 21    God:    Ru [......]
Gold:   46         SH:  0    Dex: 15    Spells: 8/9 levels left

rFire   . . .      SeeInvis .   (no weapon)
rCold   . . .      Faith    .   (no shield)
rNeg    + . .      Spirit   .   a - +0 robe
rPois   .          Reflect  .   (no helmet)
rElec   .          Harm     .   (no cloak)
rCorr   .          Rampage  .   (no gloves)
Will    .....                   j - +0 pair of boots
Stlth   ++........              (no amulet)
HPRegen 0.07/turn               i - ring of positive energy
MPRegen 0.12/turn               (no ring)

@: no status effects
A: no striking features
a: Renounce Religion


You were on level 2 of the Dungeon.
You worshipped Ru.
Ru was noncommittal.
You visited 1 branch of the dungeon, and saw 2 of its levels.

You collected 46 gold pieces.

Inventory:

Armour
 a - a +0 robe (worn)
 j - a +0 pair of boots (worn)
Jewellery
 i - a ring of positive energy (left hand)
 n - a ring of resist corrosion
Scrolls
 c - a scroll of immolation {unknown}
 d - 2 scrolls of noise {unknown}
 e - a scroll of amnesia {unknown}
 h - a scroll of poison {unknown}
 l - a scroll of magic mapping {unknown}
 m - a scroll of identify {unknown}
 o - a scroll of enchant weapon {unknown}
 p - a scroll of blinking {unknown}
Potions
 b - a potion of magic
 f - a potion of curing {unknown}
 g - a potion of haste {unknown}
 k - a potion of heal wounds {unknown}
 q - a potion of brilliance {unknown}


   Skills:
 * Level 1.7 Fighting
 - Level 2.4 Dodging
 + Level 3.2 Stealth
 + Level 3.7 Spellcasting
 - Level 1.1 Conjurations
 + Level 3.7 Fire Magic


You had 8 spell levels left.
You knew the following spells:

 Your Spells              Type           Power      Damage    Failure   Level
a - Foxfire               Conj/Fire      56%        2x1d6     4%          1

Your spell library contained the following spells:

 Spells                   Type           Power      Damage    Failure   Level
 Scorch                   Fire           38%        2d6       4%          2
 Animate Skeleton         Necr           6%         N/A       12%         1
 Pain                     Necr           12%        1d4       12%         1
 Conjure Flame            Conj/Fire      14%        6-21      14%         3
 Inner Flame              Hex/Fire       11%        N/A       17%         3
 Vampiric Draining        Necr           3%         2d6       36%         3
 Flame Wave               Conj/Fire      14%        2d6       41%         4
 Olgreb's Toxic Radiance  Pois           3%         N/A       77%         4
 Ozocubu's Refrigeration  Ice            1%         4d5       100%        7
 Ignition                 Fire           9%         3d5       100%        8


Dungeon Overview and Level Annotations

Branches:
Dungeon (2/15)

Altars:
Ru

Shops:
D:2 [


Message History

You conjure some foxfire!
The foxfire hits the gnoll.
The gnoll is lightly wounded.
Your foxfire dissipates!
Your foxfire dissipates!
The foxfire hits the gnoll.
The gnoll is heavily wounded.
The foxfire hits the gnoll.
The gnoll is severely wounded.
There is a stone staircase leading up here.
You conjure some foxfire!
The foxfire hits the gnoll but does no damage.
The gnoll is lightly wounded.
The foxfire hits the gnoll.
The gnoll is heavily wounded.
The gnoll hits you with a +0 club.
You climb upwards.
There is a stone staircase leading down here.
You conjure some foxfire!
The gnoll misses you.
You conjure some foxfire!
The foxfire hits the gnoll.
The gnoll is severely wounded.
The foxfire hits the gnoll.
The gnoll is almost dead.
The gnoll hits you with a +0 club.
You conjure some foxfire!
The foxfire hits the gnoll.
You kill the gnoll!
You conjure some foxfire!
Your foxfire dissipates!
You conjure some foxfire!
Your foxfire dissipates! x4
Your foxfire dissipates! x2
Magic restored.
HP restored.
Done exploring.
Done exploring.
Done exploring.
You climb downwards.
The gnoll misses you. The gnoll hits you with a +0 whip!
There is a stone staircase leading up here.
The gnoll misses you. The hobgoblin hits you.
The gnoll hits you from afar with a +0 halberd!
You die...

...#####......# #.#...
........## ###...##
.....##..##### .....##
..#..........######.#.##
.........##.............
..†......#.......##.....
.......g..>.......##....
......ggg.........##....
.......@..........##....
..#.###...........##....
.... ###.........##....
#########...............
##.........########...
#...###...##.....##...
###..##...#.......##..
##.§#.......>.......
##......♣...†.♣..#.


You could see 3 gnolls and a hobgoblin.

Vanquished Creatures
  A gnoll (D:1)
  An adder (D:2)
  A worm (D:2)
  2 dart slugs
  6 endoplasms
  2 giant cockroaches
  7 hobgoblins
  3 jackals (D:2)
  3 ball pythons
  A frilled lizard (D:2)
  7 kobolds
  3 rats
37 creatures vanquished.

Vanquished Creatures (others)
  267 foxfires
267 creatures vanquished.

Grand Total: 304 creatures vanquished

Notes
Turn   | Place    | Note
-------+----------+-------------------------------------------
     0 | D:1      | Hubjo the Deep Elf Fire Elementalist began the quest for
                  | the Orb.
     0 | D:1      | Reached XP level 1. HP: 10/10 MP: 6/6
   261 | D:1      | Reached XP level 2. HP: 16/16 MP: 2/8
   670 | D:1      | Found a faded altar of an unknown god.
   683 | D:1      | Prayed at the altar of an unknown god.
   683 | D:1      | Became a worshipper of Ru the Awakened
   841 | D:1      | Reached skill level 1 in Fighting
  1135 | D:2      | Reached XP level 3. HP: 20/20 MP: 0/9
  1646 | D:2      | Found Tasit's Antique Armour Emporium.
  2040 | D:2      | Slain by a gnoll

Illustrated notes

Levels and vault maps discovered:
D:1:      scummos_arrival_star, layout_rooms, basic_ecumenical_altar
D:2:      layout_rooms, serial_shops, shop, grunt_ministairs_9, st_stairs_2

Skill      XL: |  1  2 |
---------------+-------+-----
Fighting       | 1 |  1.7
Stealth        | 3 |  3.2
Dodging        | |  2.4
Spellcasting   | |  3.7
Conjurations   | |  1.1
Fire Magic     | |  3.7

Action                   || total
-------------------------++-------
Melee: Unarmed           ||     3
 Cast: Foxfire           ||   151
Invok: Reject Sacrifices ||     1
Armor: Robe              ||     1
Dodge: Dodged            ||     6

Table legend: (Time is in decaauts)
 A = Elapsed time spent in this place.
 B = Non-inter-level travel time spent in this place.
 C = Inter-level travel time spent in this place.
 D = Time resting spent in this place.
 E = Time spent auto-exploring this place.
 F = Levels seen in this place.
 G = Mean time per level.
                   A        B        C        D        E       F      G
               +--------+--------+--------+--------+--------+-----+--------+
         Total |   2040 |   2016 |     24 |      0 |   1711 |   2 | 1020.0 |
       Dungeon |   2040 |   2016 |     24 |      0 |   1711 |   2 | 1020.0 |
               +--------+--------+--------+--------+--------+-----+--------+

Top non-repeatable levels by time:
     D:1: 1120 daAuts
     D:2: 920 daAuts
